 Dungeon Crawl Stone Soup version 0.28.0-53-g5a82cb258f (webtiles) character file.

Game seed: 3963633205354806378

67 Logoto the Ruffian (level 4, -2/35 HPs)
             Began as a Draconian Transmuter on Aug 2, 2022.
             Killed by nerve-wracking pain
             ... invoked by Jessica
              (12 damage)
             ... on level 3 of the Dungeon.
             The game lasted 00:09:17 (2777 turns).

Logoto the Ruffian (Draconian Transmuter)           Turns: 2777, Time: 00:09:18

Health: -2/35      AC:  9    Str: 15    XL:     4   Next: 0%
Magic:  7/7        EV: 12    Int: 13    God:
Gold:   103        SH:  0    Dex: 11    Spells: 4/7 levels left

rFire   . . .      SeeInvis .     - Unarmed
rCold   . . .      Faith    .   (no shield)
rNeg    . . .      Spirit   .   (armour unavailable)
rPois   .          Reflect  .   (helmet restricted)
rElec   .          Harm     .   (no cloak)
rCorr   .          Rampage  .   (no gloves)
Will    .....                   (no boots)
Stlth   +.........              (no amulet)
HPRegen 0.11/turn               g - +4 ring of protection
MPRegen 0.10/turn               (no ring)

@: no status effects
A: AC +5, unfitting armour, cold-blooded
a: no special abilities


You were on level 3 of the Dungeon.
You visited 1 branch of the dungeon, and saw 3 of its levels.

You collected 103 gold pieces.

Inventory:

Hand Weapons
 b - a +0 dagger
 c - a +0 whip
Missiles
 k - 4 poisoned darts
Magical Staves
 m - a staff of conjuration
Jewellery
 g - a +4 ring of protection (left hand)
Scrolls
 a - a scroll of blinking {unknown}
 d - a scroll of identify {unknown}
 i - a scroll of noise {unknown}
 l - a scroll of teleportation {unknown}
Potions
 e - 7 potions of curing {unknown}
 f - a potion of cancellation {unknown}
 h - a potion of might {unknown}
 j - a potion of brilliance {unknown}


   Skills:
 + Level 1.1 Fighting
 + Level 2.2 Dodging
 + Level 0.5 Stealth
 + Level 4.1 Unarmed Combat
 + Level 2.3 Spellcasting
 + Level 2.3 Transmutations


You had 4 spell levels left.
You knew the following spells:

 Your Spells              Type           Power      Damage    Failure   Level
a - Beastly Appendage     Tmut           14%        N/A       10%         1
b - Wereblood             Tmut           7%         N/A       14%         2

Your spell library contained the following spells:

 Spells                   Type           Power      Damage    Failure   Level
 Spider Form              Tmut/Pois      4%         N/A       43%         3
 Gell's Gravitas          Tloc           1%         N/A       58%         3
 Lesser Beckoning         Tloc           1%         N/A       58%         3
 Teleport Other           Tloc           1%         N/A       58%         3
 Ice Form                 Ice/Tmut       4%         N/A       83%         4


Dungeon Overview and Level Annotations

Branches:
Dungeon (3/15)

Altars:

Annotations:
D:3 Jessica


Innate Abilities, Weirdness & Mutations

Your plain brown scales are hard. (AC +5)
You cannot fit into any form of body armour.
You are cold-blooded and may be slowed by cold attacks.


Message History

You kill the bat!
You have reached level 4!
You feel stronger.
Sorry, you're not good enough to have a special ability.
Casting: Beastly Appendage (safe; 10% risk of failure)
Confirm with . or Enter, or press ? or * to list all spells.
Okay, then.
Unknown command.
Memorise Wereblood, consuming 2 spell levels and leaving 4?
You start memorising the spell.
You continue memorising. x2
You finish memorising.
Spell assigned to 'b'.
Found a stone staircase leading down.
You see here a +0 robe.
e - 7 brown potions (gained 1)
Found 20 bolts.
Jessica and an adder come into view.
Jessica shouts!
Jessica drinks a potion.
Jessica seems to speed up.
Jessica points at you and mumbles some strange words.
Pain shoots through your body!
Jessica points at you and mumbles some strange words.
Pain shoots through your body!
Jessica points at you and mumbles some strange words.
Pain shoots through your body! Jessica closely misses you.
You barely miss Jessica.
Jessica mumbles some strange words.
Jessica blinks!
You barely miss Jessica.
Your tail-slap misses Jessica.
Jessica hits you but does no damage.
You barely miss Jessica. Jessica closely misses you. Jessica barely misses you.
You hit Jessica.
Jessica is lightly wounded.
Jessica hits you with a +0 club.
* * * LOW HITPOINT WARNING * * *
You barely miss Jessica.
Jessica is lightly wounded.
Jessica casts a spell at you. Pain shoots through your body!
You die...

### ..# #.#
#(##########
#.##...@@..#
#########.##.#####.#
..<..........# #.#
###.......#### #@#
#.#####.# #.# #.# #.#
#.######.# ###.#####.#
#.........
..........###
#.#.#####..
..#.####....####.###.#


You could see Jessica (fast).

Vanquished Creatures
  2 adders
  2 worms (D:2)
  A dart slug (D:1)
  6 ball pythons
  5 endoplasms
  A giant cockroach (D:1)
  5 goblins
  A hobgoblin (D:2)
  4 jackals (D:3)
  2 quokkas
  3 bats
  A frilled lizard (D:1)
  3 kobolds
  4 rats
40 creatures vanquished.

Notes
Turn   | Place    | Note
-------+----------+-------------------------------------------
     0 | D:1      | Logoto the Draconian Transmuter began the quest for the
                  | Orb.
     0 | D:1      | Reached XP level 1. HP: 16/16 MP: 3/3
   496 | D:1      | Reached XP level 2. HP: 19/23 MP: 5/5
  1009 | D:1      | Found a faded altar of an unknown god.
  1296 | D:2      | Reached XP level 3. HP: 17/28 MP: 6/6
  2211 | D:3      | Reached skill level 4 in Unarmed Combat
  2657 | D:3      | Reached XP level 4. HP: 35/35 MP: 7/7
  2664 | D:3      | Learned a level 2 spell: Wereblood
  2759 | D:3      | Noticed Jessica
  2777 | D:3      | Killed from afar by Jessica

Illustrated notes

Levels and vault maps discovered:
D:1:      minmay_arrival_radiant_lines, layout_basic,
          chequers_ecumenical_altar_twisty, chequers_decorated_corner
D:2:      layout_loops_corners, minmay_between
D:3:      layout_loops_ring, uniq_jessica

Skill      XL: |  1  2  3 |
---------------+----------+-----
Dodging        | 2 |  2.2
Unarmed Combat | 4 |  4.1
Fighting       | |  1.1
Stealth        | |  0.5
Spellcasting   | |  2.3
Transmutations | |  2.3

Action                   |  1- 3 |  4- 6 || total
-------------------------+-------+-------++-------
Melee: Unarmed           |   134 |     5 ||   139
       Tailslap          |    12 |       ||    12
       Punch             |     1 |       ||     1
       Kick              |     6 |       ||     6
       Headbutt          |     6 |       ||     6
 Cast: Beastly Appendage |     5 |       ||     5
 Stab: Sleeping          |     1 |       ||     1
Armor: Skin              |    52 |     1 ||    53
Dodge: Dodged            |    83 |     3 ||    86
